 Dungeon Crawl Stone Soup version 0.22-a0-782-g038298e (webtiles) character file.

47 inmateoo the Ducker (level 3, 0/27 HPs)
             Began as a Vampire Warper on July 19, 2018.
             Succumbed to an adder's poison
             ... on level 2 of the Dungeon.
             The game lasted 00:01:54 (965 turns).

inmateoo the Ducker (Vampire Warper)                 Turns: 965, Time: 00:01:54

Health: 0/27       AC:  3    Str: 10    XL:     3   Next: 48%
Magic:  6/6        EV: 12    Int: 15    God:
Gold:   64         SH:  0    Dex: 14    Spells: 6/6 levels left

rFire    + . .     SeeInvis +   a - +0 hand axe
rCold    + . .     Gourm    .   (no shield)
rNeg     . . .     Faith    .   b - +0 leather armour
rPois    +         Spirit   .   (no helmet)
rElec    +         Reflect  .   (no cloak)
rCorr    +         Harm     .   (no gloves)
MR       +....                  (no boots)
Stlth    +.........             (no amulet)
HPRegen  0.29/turn              i - ring of protection from magic
MPRegen  0.10/turn              (no ring)

@: lethally poisoned (0 -> 0), resistant, berserk cooldown, regenerating
quickly, slowed, very slow
A: fangs 3, see invisible, unbreathing
a: no special abilities


You were on level 2 of the Dungeon.
You were almost alive.

You visited 1 branch of the dungeon, and saw 2 of its levels.

You collected 64 gold pieces.

Inventory:

Hand Weapons
 a - a +0 hand axe (weapon)
Missiles
 e - a tomahawk of dispersal
 g - 10 javelins (quivered)
Armour
 b - a +0 leather armour (worn)
Jewellery
 i - a ring of protection from magic (left hand)
Scrolls
 c - a scroll of identify
 d - a scroll of blinking
Potions
 f - a potion of blood
 h - a potion of resistance


   Skills:
 + Level 2.2 Fighting
 * Level 2.5 Axes
 - Level 0.7 Throwing
 + Level 1.3 Armour
 + Level 2.5 Dodging
 + Level 2.3 Spellcasting
   Level 2.4 Translocations


You had 6 spell levels left.
You didn't know any spells.
Your spell library contained the following spells:

 Spells                   Type           Power        Failure   Level  Hunger
 Teleport Other           Tloc           #.......     32%         3    ###....
 Blink                    Tloc           N/A          16%         2    ###....
 Passage of Golubria      Tloc           N/A          71%         4    #####..
 Shroud of Golubria       Chrm/Tloc      #.........   26%         2    ###....
 Gell's Gravitas          Tloc           #.........   32%         3    ###....
 Lesser Beckoning         Tloc           #.........   32%         3    ###....


Dungeon Overview and Level Annotations

Branches:
Dungeon (2/15)

Altars:


Innate Abilities, Weirdness & Mutations

Your natural rate of healing is unusually fast.
You have razor-sharp teeth.
You have supernaturally acute eyesight. (SInv)
You can survive without breathing.


Message History

Drink blood from a hobgoblin corpse? (ye/n/q) This warm blood tastes delicious!
You feel a strong urge to attack something.
You feel sick.
You feel your anger nearly subside.
You are no longer berserk.
You are exhausted.
You feel yourself slow down.
* * * LOW HITPOINT WARNING * * *
You feel sick.
* * * LOW HITPOINT WARNING * * *
You feel sick.
* * * LOW HITPOINT WARNING * * *
You feel sick.
Okay, then.
Okay, then.
Sorry, you're too full to transform right now.
Unknown command.
You don't have any unidentified items.
Unknown command.
You die...

### #.. #.#
#.# #.# #.#
#@# #.# #
#.###.###.#
##+#
#.........#
##...
#####.#####
##.... .#
##..... .#
#...... ##.
.. +......
#..
###......


There were no monsters in sight!

Vanquished Creatures
  2 adders (D:2)
  A leopard gecko (D:1)
  A bat (D:1)
  2 giant cockroaches (D:1)
  7 goblins (D:1)
  2 hobgoblins
  3 jackals (D:2)
  2 kobolds
  A frilled lizard (D:1)
  4 rats (D:1)
25 creatures vanquished.

Notes
Turn   | Place    | Note
-------+----------+-------------------------------------------
     0 | D:1      | inmateoo the Vampire Warper began the quest for the Orb.
     0 | D:1      | Reached XP level 1. HP: 16/16 MP: 3/3
    96 | D:1      | Reached skill level 1 in Armour
    96 | D:1      | Reached XP level 2. HP: 4/22 MP: 5/5
   779 | D:2      | Reached XP level 3. HP: 5/27 MP: 6/6
   962 | D:2      | HP: 1/27 [poisoned by an adder]
   965 | D:2      | Succumbed to an adder's poison

Vault maps used:
D:1:      giann_horns, minmay_quantized
D:2:      lemuel_doored_altar

Skill      XL: |  1  2 |
---------------+-------+-----
Axes           | 2 |  2.5
Armour         | 1 |  1.3
Fighting       | 2 |  2.2
Throwing       | |  0.7
Dodging        | |  2.5
Spellcasting   | |  2.3
Translocations | |  2.4

Action                   || total
-------------------------++-------
Melee: Hand axe          ||    88
       Bite              ||     7
Throw: Tomahawk          ||     4
       Javelin           ||     3
  Use: Scroll            ||     4
       Potion            ||     3
  Eat: Corpse            ||    10
Armor: Leather armour    ||    22
Dodge: Dodged            ||    78

Table legend:
 A = Spawn XP
 B = Non-spawn XP
 C = Spawn XP percentage of total XP
 D = Spawn monster count
 E = Non-spawn monster count
 F = Spawn count percentage of total count
 G = Total turns spent on level
                    A         B        C        D         E        F      G
               +---------+---------+-------+---------+---------+-------+---------
         Total |       0 |      68 |   0.0 |       0 |      25 |   0.0 |   965
               +---------+---------+-------+---------+---------+-------+---------
           D:1 |       0 |      32 |   0.0 |       0 |      18 |   0.0 |   752
           D:2 |       0 |      36 |   0.0 |       0 |       7 |   0.0 |   213
               +---------+---------+-------+---------+---------+-------+---------
